 Dungeon Crawl Stone Soup version 0.30.1-4-g462c640d31 (webtiles) character file.

Game seed: 2185594282310951953

378 croobank the Covert (level 6, -2/44 HPs)
             Began as an Octopode Delver on Aug 21, 2023.
             Was an Initiate of Gozag.
             Splashed by a jelly's acid (4 damage)
             ... on level 5 of the Dungeon.
             The game lasted 00:06:24 (3333 turns).

croobank the Covert (Octopode Delver)               Turns: 3333, Time: 00:06:24

Health: -2/44      AC:  1    Str: 12    XL:     6   Next: 74%
Magic:  6/6        EV: 14    Int: 14    God:    Gozag
Gold:   324        SH:  0    Dex: 13    Spells: 5/5 levels left

rFire   . . .        a - +0 short sword
rCold   . . .        (no shield)
rNeg    . . .        (helmet restricted)
rPois   .            n - amulet of magic regeneration
rElec   .            (no ring)
rCorr   .            (no ring)
SInv    .            (no ring)
Will    .....        (no ring)
Stlth   +++++        (no ring)
HPRegen 0.27/turn    (no ring)
MPRegen 0.50/turn    (no ring)
                     (no ring)

%: no passive effects
@: mighty
A: almost no armour, amphibious, 8 rings, camouflage 1, gelatinous body 1,
(nimble swimmer 1), tentacles
a: Renounce Religion, Potion Petition, Call Merchant, Bribe Branch


You were on level 5 of the Dungeon.
You worshipped Gozag.
Gozag was aware of your devotion.
You visited 1 branch of the dungeon, and saw 6 of its levels.

You collected 324 gold pieces.

Inventory:

Hand Weapons
 a - a +0 short sword (weapon)
 h - a +0 scimitar
 i - a +0 dagger
Jewellery
 n - an amulet of magic regeneration (around mantle)
 v - a ring of protection from fire
Wands
 f - a wand of digging (3)
Scrolls
 b - a scroll of fog
 c - 3 scrolls of magic mapping
 d - a scroll of fear
 l - 2 scrolls of enchant armour
 u - 2 scrolls of teleportation
Potions
 e - 2 potions of haste
 g - a potion of might
 m - 2 potions of invisibility {unknown}
 p - a potion of heal wounds {unknown}
 q - a potion of cancellation {unknown}
 s - a potion of ambrosia {unknown}
 t - 3 potions of curing {unknown}
 x - a potion of flight {unknown}
 z - a potion of magic {unknown}


   Skills:
 + Level 4.4 Fighting
 + Level 3.7 Short Blades
 + Level 3.8 Dodging
 + Level 8.2 Stealth


You had 5 spell levels left.
You didn't know any spells.
Your spell library contained the following spells:

 Spells                   Type           Power      Damage    Failure   Level
 Ozocubu's Refrigeration  Ice            0%         4d7       100%        7
 Polar Vortex             Ice            0%         N/A       100%        9
 Simulacrum               Ice/Necr       Unusable   N/A       N/A         6

Dungeon Overview and Level Annotations

Branches:
Dungeon (6/15)             Temple (0/1) D:5

Altars:
Gozag
Wu Jian
Xom
Yredelemnul


Innate Abilities, Weirdness & Mutations

You cannot wear most types of armour.
You are amphibious.
You can wear up to eight rings at the same time.
Your skin changes colour to match your surroundings (Stealth+).
Your rubbery body absorbs attacks. (AC +1, EV +1)
((You are camouflaged when in or above water. (Stealth+)))
You have tentacles for arms and can constrict up to eight enemies at once.


Message History

Press: ? - help, Q - select action, (/) - cycle Shift-Dir - straight line, f - jelly
Aim: a jelly (wandering, hasn't noticed you, 89% to hit)
You throw a poisoned dart. The poisoned dart hits the jelly.
The jelly quivers.
Throw: 5 darts (poison)
Press: ? - help, Q - select action, (/) - cycle Shift-Dir - straight line, f/p - jelly
Aim: a jelly (89% to hit)
You throw a poisoned dart. The poisoned dart hits the jelly.
The jelly is poisoned.
Throw: 4 darts (poison)
Press: ? - help, Q - select action, (/) - cycle Shift-Dir - straight line, f/p - jelly
Aim: a jelly (lightly wounded, poisoned, 89% to hit)
You throw a poisoned dart.
The poisoned dart barely misses the jelly.
Throw: 3 darts (poison)
Press: ? - help, Q - select action, (/) - cycle Shift-Dir - straight line, f/p - jelly
Aim: a jelly (lightly wounded, poisoned, 89% to hit)
You throw a poisoned dart. The poisoned dart hits the jelly.
The jelly is lightly wounded.
Throw: 2 darts (poison)
Press: ? - help, Q - select action, (/) - cycle Shift-Dir - straight line, f/p - jelly
Aim: a jelly (lightly wounded, poisoned, 89% to hit)
You throw a poisoned dart. The poisoned dart hits the jelly.
The jelly looks even sicker.
The jelly is lightly wounded.
Throw: dart (poison)
Press: ? - help, Q - select action, (/) - cycle Shift-Dir - straight line, f/p - jelly
Aim: a jelly (lightly wounded, very poisoned, 89% to hit)
You throw a poisoned dart. The poisoned dart hits the jelly.
The jelly looks even sicker.
The jelly is lightly wounded.
You completely miss the jelly.
The jelly is lightly wounded.
The jelly hits you.
* * * LOW HITPOINT WARNING * * *
You are splashed with acid!
* * * LOW HITPOINT WARNING * * *
You hit the jelly.
Your tentacles burn!
You die...
Your body crumbles into a pile of gold.

.. ... .. ...#
####..# ....#
##...#..#
.....#####.......#
#.....)..........
##...............
#...(@.$$.......
#.....J..<.......
#......(..........
....#...(.........
...#....(......... .
.####.............
... ##...(.........
....##....((........
....................


You could see a jelly (very poisoned).

Vanquished Creatures
  A scorpion (D:4)
  A crimson imp (D:4)
  A centaur zombie (D:5)
  A hound (D:6)
  A jelly (D:6)
  An iguana (D:3)
  An orc wizard (D:5)
  7 adders
  An adder zombie (D:5)
  A worm (D:2)
  2 dart slugs
  6 orcs
  4 bats
  5 endoplasms
  A giant cockroach (D:4)
  4 goblins
  9 hobgoblins
  6 jackals (D:1)
  A kobold (D:2)
  3 quokkas
  9 ball pythons
  A frilled lizard (D:2)
  4 rats
71 creatures vanquished.

Notes
Turn   | Place    | Note
-------+----------+-------------------------------------------
     0 | D:5      | croobank the Octopode Delver began the quest for the Orb.
     0 | D:5      | Reached XP level 1. HP: 16/16 MP: 1/1
     3 | D:5      | Found a staircase to the Ecumenical Temple.
    82 | D:6      | Noticed a hound
    84 | D:6      | Killed a hound
    85 | D:6      | Reached XP level 2. HP: 21/21 MP: 2/2
    85 | D:6      | Reached XP level 3. HP: 26/26 MP: 3/3
    96 | D:6      | Reached skill level 7 in Stealth
    99 | D:6      | Found an ornate altar of the Wu Jian Council.
   182 | D:5      | Reached XP level 4. HP: 10/31 MP: 4/4
   291 | D:5      | Found a basalt altar of Yredelemnul.
   547 | D:4      | Noticed a scorpion
   558 | D:4      | Killed a scorpion
   559 | D:4      | Reached XP level 5. HP: 19/37 MP: 5/5
   774 | D:2      | Reached XP level 6. HP: 30/43 MP: 6/6
  1205 | D:1      | Found a faded altar of an unknown god.
  1220 | D:1      | Prayed at the altar of an unknown god.
  1220 | D:1      | Became a worshipper of Gozag Ym Sagoz the Greedy
  2104 | D:2      | Reached skill level 8 in Stealth
  3292 | D:4      | Found a shimmering altar of Xom.
  3332 | D:5      | HP: 2/44 [acid (7)]
  3333 | D:5      | Splashed by a jelly's acid

Illustrated notes

Levels and vault maps discovered:
D:1:      dpeg_arrival_signposts, layout_loops_ring,
          hellmonk_ecumenical_altar_dog_temple, nrook_uturn
D:2:      layout_loops_ring
D:3:      layout_basic
D:4:      layout_basic, led_xom_imps
D:5:      layout_cave_pods, lemuel_zombie_altar_yredelemnul, temple_pool_b
D:6:      layout_basic, lemuel_doored_altar, lemuel_round_altar

Skill      XL: |  1  2  3  4  5  6 |
---------------+-------------------+-----
Stealth        | 7 8 |  8.2
Short Blades   | 3 |  3.7
Dodging        | 3 |  3.8
Fighting       | 4 |  4.4

Action                     |  1- 3 |  4- 6 || total
---------------------------+-------+-------++-------
  Melee: Short sword       |     8 |   152 ||   160
         Tentacles         |     2 |    28 ||    30
         Constrict         |     1 |    24 ||    25
         Punch             |       |     3 ||     3
  Throw: Dart              |       |     6 ||     6
    Use: Scroll            |       |     6 ||     6
         Potion            |       |     1 ||     1
   Stab: Sleeping          |     3 |    21 ||    24
         Distracted        |       |     1 ||     1
 Armour: Skin              |       |     8 ||     8
  Dodge: Dodged            |     7 |    86 ||    93
